 Dungeon Crawl Stone Soup version 0.17-a0-1504-gb7d9117 (webtiles) character file.

9195 urechis the Warrior (level 11, -3/133 HPs)
             Began as an Ogre Gladiator on July 8, 2015.
             Was a Follower of Ru.
             Slain by a killer bee (4 damage)
             ... on level 9 of the Dungeon.
             The game lasted 00:22:46 (11175 turns).

urechis the Warrior (Ogre Gladiator)               Turns: 11175, Time: 00:22:47

Health: -3/133     AC:  7    Str: 25    XL:     11   Next: 42%
Magic:  11/11      EV: 13    Int: 12    God:    Ru [*.....]
Gold:   491        SH:  0    Dex: 12    Spells: 0 memorised, 10 levels left

rFire  + + .     SeeInvis .     a - +0 giant spiked club
rCold  + . .     Clarity  .     H - +2 robe of Trumpets {rF+ MR- Int+5}
rNeg   . . .     SustAt   .     (no shield)
rPois  +         Gourm    .     c - +0 hat
rElec  +         Spirit   .     V - +1 cloak
rCorr  +         Warding  .     (gloves unavailable)
rMut   .         Stasis   .     (boots unavailable)
MR     .....                    W - amulet of faith
Stlth  +.........               B - +2 ring of dexterity
                                A - +3 ring of evasion

@: lethally poisoned (-3 -> -4), resistant, very slightly contaminated,
starving, hasted, very quick, not resistant to hostile enchantments, very
unstealthy
A: unfitting armour, tough skin 1, hated by all
a: Renounce Religion


You were on level 9 of the Dungeon.
You worshipped Ru.
Ru was aware of your devotion.
You were starving.

You visited 2 branches of the dungeon, and saw 11 of its levels.
You also visited: Ossuary.

You collected 605 gold pieces.
You spent 114 gold pieces at shops.

Inventory:

Hand weapons
 a - a +0 giant spiked club (weapon)
 b - a +0 blowgun
Missiles
 d - 5 throwing nets
 y - 10 tomahawks
 E - 3 curare-tipped needles
 G - 2 needles of paralysis
 J - 29 poisoned needles
 P - 6 large rocks
 S - a poisoned javelin (quivered)
Armour
 c - a +0 hat (worn)
 g - a +0 robe of cold resistance
 H - the +2 robe of Trumpets (worn) {rF+ MR- Int+5}
   (You bought it in a shop on level 5 of the Dungeon)

   It affects your intelligence (+5).
   It protects you from fire.
   It affects your resistance to hostile enchantments.
 V - a +1 cloak (worn)
Jewellery
 p - an uncursed ring of stealth
 u - an uncursed ring of protection from fire
 v - an uncursed ring of magical power
 w - an uncursed ring of sustain attributes
 A - a +3 ring of evasion (left hand)
 B - a +2 ring of dexterity (right hand)
 I - an uncursed ring of flight
 R - an uncursed amulet of stasis
 W - an amulet of faith (around neck)
Magical devices
 U - a wand of fire (5)
Scrolls
 f - 6 scrolls of teleportation
 h - 4 scrolls of magic mapping
 i - 2 scrolls of enchant weapon {unknown}
 l - 7 scrolls of remove curse
 m - a scroll of enchant armour {unknown}
 o - 3 scrolls of fear
 s - 3 scrolls of immolation
 t - 4 scrolls of blinking
 x - 2 scrolls of random uselessness {unknown}
 C - 3 scrolls of amnesia {unknown}
 F - 4 scrolls of fog {unknown}
 K - 11 scrolls of identify
 T - a scroll of noise {unknown}
Potions
 k - a potion of haste
 q - a potion of resistance
 r - a potion of degeneration {unknown}
 z - a potion of mutation {unknown}
 L - 5 potions of berserk rage {unknown}
 N - a potion of flight {unknown}
 O - a potion of agility {unknown}
Comestibles
 e - 9 bread rations
 j - 7 slices of pizza
 D - 3 fruits
 M - 8 beef jerkies
 Q - 3 meat rations


   Skills:
 + Level 15.5 Fighting
 + Level 15.5 Maces & Flails
 - Level 2.1 Throwing
 - Level 2.6 Dodging


You had 10 spell levels left.
You didn't know any spells.

Dungeon Overview and Level Annotations

Branches:
Dungeon (10/15)            Temple (1/1) D:7            Lair (0/8) D:8
    Orc: D:9-12

Altars:
Ashenzari
Cheibriados
Dithmenos
Elyvilon
Fedhas
Gozag
Kikubaaqudgha
Makhleb
Nemelex Xobeh
Okawaru
Qazlal
Ru
Sif Muna
Trog
Vehumet
Xom
Yredelemnul
Zin
The Shining One

Shops:
D:4 [   D:5 [   D:8 [(?   D:10 *

Annotations:
D:3 urechis's ghost, average OgHu
D:9 exclusion: obsidian statue


Innate Abilities, Weirdness & Mutations

You are too large for most types of armour.
You have tough skin (AC +1).
You are hated by all.


Message History

The killer bee barely misses you.
You closely miss the killer bee. The killer bee closely misses you.
The killer bee stings you.
* * * LOW HITPOINT WARNING * * *
The orc barely misses you. The killer bee misses you.
You hit the killer bee.
The killer bee is moderately wounded.
The killer bee stings you but does no damage.
The killer bee stings you.
* * * LOW HITPOINT WARNING * * *
You are poisoned.
The killer bee poisons you! The killer bee stings you.
* * * LOW HITPOINT WARNING * * *
Drink which item? (? for menu, Esc to quit)
You feel protected.
* * * LOW HITPOINT WARNING * * *
You feel sick. The killer bee stings you.
* * * LOW HITPOINT WARNING * * *
The orc barely misses you. The killer bee stings you.
You die...

#### #...
###############.#.
#@yF..............
########oy###############
#....)...}# #.#.#######
#.#.# #.#.# ### #.#.#
#########.. #.#.#
#.........# #.#.#
#.#########


You could see a giant frog, 2 killer bees and an orc.

Vanquished Creatures
  An unseen horror (D:10)
  Pikel (D:5)
  An elephant (D:8)
  Maurice (D:9)
  Joseph (D:9)
  Psyche (D:9)
  A two-headed ogre (D:9)
  Sigmund (D:2)
  2 hippogriffs (D:8)
  5 yaks (D:10)
  Menkaure (D:4)
  2 hungry ghosts
  5 ice beasts
  Duvessa (D:5)
  2 sky beasts
  2 orc warriors
  4 phantoms
  A slave (D:5)
  5 ogres
  2 elf zombies (Ossuary)
  7 centaurs
  7 giant frogs
  A big kobold (D:9)
  A crocodile (D:8)
  A gnoll sergeant (D:9)
  Dowan (D:5)
  8 wights (D:8)
  A scorpion (D:5)
  2 killer bees (D:10)
  3 crimson imps
  3 centaur zombies (Ossuary)
  6 hounds
  A giant frog zombie (D:6)
  2 human zombies (Ossuary)
  3 centaur skeletons
  A quasit (D:6)
  2 orc priests (D:6)
  Ijyb (D:3)
  A jelly (D:8)
  2 giant frog skeletons
  A gnoll shaman (D:8)
  4 orc wizards
  4 worker ants
  Natasha (D:3)
  4 iguanas
  A sheep (D:8)
  A big kobold zombie (Ossuary)
  A hound zombie (D:9)
  2 mummies (Ossuary)
  A worker ant zombie (D:9)
  A river rat (D:4)
  12 adders
  11 gnolls
  A shadow imp (D:10)
  A worm (D:2)
  2 adder zombies
  6 giant geckos
  18 orcs
  A ball python (D:1)
  A bat skeleton (D:5)
  5 giant cockroaches
  15 goblins
  9 hobgoblins
  6 jackals
  21 kobolds
  A quokka (D:5)
  12 bats
  A giant gecko skeleton (D:9)
  A giant gecko zombie (D:9)
  4 giant newts
  7 hobgoblin zombies (Ossuary)
  10 kobold zombies (Ossuary)
  7 orc zombies (Ossuary)
  13 rats
  4 rat zombies (Ossuary)
  2 bushes (D:1)
286 creatures vanquished.

Vanquished Creatures (others)
  2 slaves (D:5)
  2 gnolls (D:2)
  An orc (D:9)
  A hobgoblin (D:5)
  A jackal (D:5)
  A kobold (D:5)
8 creatures vanquished.

Grand Total: 294 creatures vanquished

Notes
Turn   | Place    | Note
--------------------------------------------------------------
     0 | D:1      | urechis the Ogre Gladiator began the quest for the Orb.
     0 | D:1      | Reached XP level 1. HP: 22/22 MP: 1/1
    77 | D:1      | Reached XP level 2. HP: 18/31 MP: 2/2
  1039 | D:1      | Reached XP level 3. HP: 35/39 MP: 3/3
  1500 | D:2      | Noticed Sigmund
  1506 | D:2      | Killed Sigmund
  1506 | D:2      | Reached skill level 5 in Fighting
  1506 | D:2      | Reached skill level 6 in Maces & Flails
  1506 | D:2      | Reached XP level 4. HP: 44/50 MP: 4/4
  1506 | D:2      | Reached XP level 5. HP: 51/58 MP: 5/5
  1710 | D:2      | Found a stormy altar of Qazlal.
  1989 | D:3      | Found a shattered altar of Ashenzari.
  2078 | D:3      | Noticed urechis's ghost (average OgHu)
  3135 | D:3      | Reached XP level 6. HP: 65/67 MP: 6/6
  3207 | D:3      | Noticed Natasha
  3216 | D:3      | Killed Natasha
  3291 | D:3      | Noticed Ijyb
  3302 | D:3      | Killed Ijyb
  3448 | D:4      | Reached skill level 7 in Maces & Flails
  3460 | D:4      | HP: 3/68 [jackal (1)]
  3468 | D:4      | HP: 2/68 [poisoned by a worker ant]
  4033 | D:4      | Noticed Menkaure
  4039 | D:4      | Killed Menkaure
  4039 | D:4      | Reached XP level 7. HP: 38/78 MP: 7/7
  4084 | D:4      | Found Fuesuhat's Antique Armour Boutique.
  4183 | D:4      | Reached skill level 8 in Maces & Flails
  4484 | D:5      | Entered Level 5 of the Dungeon
  4846 | D:5      | Reached skill level 9 in Maces & Flails
  4846 | D:5      | Reached XP level 8. HP: 46/89 MP: 8/8
  4896 | D:5      | Noticed Dowan
  4900 | D:5      | Noticed Duvessa
  4907 | D:5      | Killed Dowan
  4909 | D:5      | Killed Duvessa
  5480 | D:5      | Noticed Pikel
  5489 | D:5      | Killed Pikel
  5489 | D:5      | Reached skill level 10 in Fighting
  5489 | D:5      | Reached skill level 10 in Maces & Flails
  5506 | D:5      | Found Ovemoili's Antique Armour Boutique.
  5512 | D:5      | Bought a shadowed robe for 114 gold pieces
  5522 | D:5      | Identified the +2 robe of Trumpets {rF+ MR- Int+5} (You bought it in a shop on level 5 of the Dungeon)
  5686 | D:5      | Reached XP level 9. HP: 79/102 MP: 9/9
  5743 | D:5      | Reached skill level 11 in Maces & Flails
  6970 | D:6      | Found a sand-covered staircase.
  6994 | Ossuary  | Entered an ossuary
  7115 | Ossuary  | Reached skill level 12 in Maces & Flails
  7667 | D:7      | Found a staircase to the Ecumenical Temple.
  7694 | Temple   | Entered the Ecumenical Temple
  7850 | Temple   | Became a worshipper of Ru the Awakened
  7883 | D:7      | Reached XP level 10. HP: 113/118 MP: 10/10
  8108 | D:7      | Found a bloodstained altar of Trog.
  8190 | D:7      | Reached skill level 13 in Maces & Flails
  8463 | D:7      | Found a burning altar of Makhleb.
  9021 | D:8      | Gained mutation: You are hated by all. [Ru sacrifice]
  9021 | D:8      | Acquired Ru's first power
  9112 | D:8      | Found Ukos's Antique Weapon Boutique.
  9143 | D:8      | Found a staircase to the Lair.
  9143 | D:8      | Noticed an elephant
  9154 | D:8      | Killed an elephant
  9367 | D:8      | Found Cubatebo's Antique Armour Shoppe.
  9414 | D:8      | Reached skill level 14 in Maces & Flails
  9521 | D:8      | Found Fomu's Magic Scroll Shoppe.
  9730 | D:9      | Found a blossoming altar of Fedhas.
  9797 | D:9      | Noticed Joseph
  9802 | D:9      | Killed Joseph
 10092 | D:9      | Noticed an obsidian statue
 10140 | D:9      | Reached XP level 11. HP: 101/131 MP: 11/11
 10237 | D:9      | Noticed Maurice
 10248 | D:9      | Killed Maurice
 10248 | D:9      | Reached skill level 15 in Maces & Flails
 10322 | D:9      | Found a sparkling altar of Nemelex Xobeh.
 10367 | D:9      | Noticed Psyche
 10381 | D:9      | Killed Psyche
 10381 | D:9      | Reached skill level 15 in Fighting
 10576 | D:10     | Entered Level 10 of the Dungeon
 10677 | D:10     | Found Mick's Assorted Antiques.
 10700 | D:10     | Killed an unseen horror
 11174 | D:9      | HP: 3/133 [killer bee (4)]
 11175 | D:9      | HP: 1/133 [killer bee (1)]
 11175 | D:9      | Slain by a killer bee

Vault maps used:
D:1:      mrwooster_arrival_statue_2, minmay_misc_feat_alley,
          lexackson_kobold_supper
D:2:      grunt_qazlal_clouds, uniq_sigmund
D:3:      nicolae_ashenzari_panopticon, uniq_iyjb, uniq_natasha
D:4:      kennysheep_big_flooded_room, serial_shops, kennysheep_mini_moat,
          portal_sewer_entry_b, first_bread, uniq_menkaure
D:5:      serial_shops, shop, uniq_pikel, uniq_duvessa
D:6:      enter_ossuary_3
D:7:      nicolae_overflow_hidden_temple, minmay_temple_entry_statues_pillars,
          basic_altar, grunt_ogre_cave
D:8:      david_lair_generic, serial_shops, nicolae_shop_trees,
          nicolae_shop_waterfront, kennysheep_little_box
D:9:      nemelex_xobeh_ov_fountains_minmay, overflow_temple_1_default,
          minivault_15, uniq_maurice, uniq_joseph, uniq_psyche
D:10:     serial_shops, shop
Temple:   nicolae_temple_elliptical
Ossuary:  ossuary_tomb_1

Action                   |  1- 3 |  4- 6 |  7- 9 | 10-12 || total
-------------------------+-------+-------+-------+-------++-------
Melee: Flail             |   150 |   156 |     9 |       ||   315
       Giant club        |       |       |   324 |   226 ||   550
       Giant spiked club |       |       |       |    76 ||    76
Throw: Javelin           |     3 |     1 |       |       ||     4
       Tomahawk          |       |       |     9 |       ||     9
Invok: Sacrifice Love    |       |       |       |     1 ||     1
       Reject Sacrifices |       |       |       |     1 ||     1
  Use: Scroll            |       |     6 |     4 |       ||    10
       Potion            |       |       |       |     5 ||     5
 Stab: Sleeping          |     1 |     4 |     1 |     3 ||     9
       Distracted        |       |     1 |       |       ||     1
  Eat: Chunk             |     1 |     4 |     8 |     9 ||    22
       Meat ration       |       |     1 |       |       ||     1
       Bread ration      |       |       |     1 |       ||     1
